 Dungeon Sprint DCSS version 0.29-a0-222-g5b244fca1f (webtiles) character file.

Game seed: 4722239940867032048

18589 mhtbhm the Shatterer (level 12, -2/85 HPs)
             Began as a Gargoyle Berserker on Feb 27, 2022.
             Was the Champion of Trog.
             Hit by a large rock of chaos thrown by Chuck (52 damage)
             ... in the Dungeon (Sprint III: "The Ten Rune Challenge").
             The game lasted 00:07:32 (3319 turns).

mhtbhm the Shatterer (Gargoyle Berserker)           Turns: 3319, Time: 00:07:32

Health: -2/85      AC: 18    Str: 26    XL:     12   Next: 60%
Magic:  12/12      EV: 20    Int: 10    God:    Trog [******]
Gold:   1417       SH:  0    Dex:  9    Spells: 11/11 levels left

rFire   . . .      SeeInvis .   a - +5 great mace (vorpal)
rCold   . . .      Faith    .   (shield currently unavailable)
rNeg    + . .      Spirit   .   b - +4 troll leather armour {Snorg}
rPois   ∞          Reflect  .   (no helmet)
rElec   +          Harm     .   (no cloak)
rCorr   .          Rampage  .   (no gloves)
Will    .....      NoTele   +   (no boots)
Stlth   ++........              (no amulet)
HPRegen 1.04/turn               (no ring)
MPRegen 0.13/turn               (no ring)

@: agile, flying, unable to read
A: sickness immunity, AC +8, negative energy resistance 1, electricity
resistance, torment resistance 1, petrification resistance, clever 1, frail 1,
screaming 1, wild magic 1, inability to read while threatened
a: Renounce Religion, Berserk, Trog's Hand, Brothers in Arms


You were in the Dungeon.
You worshipped Trog.
Trog was exalted by your worship.
You visited 1 branch You collected 2888 gold pieces.
You spent 1471 gold pieces at shops.

Inventory:

Hand Weapons
 a - a +5 vorpal great mace (weapon)
Missiles
 q - 3 silver boomerangs (quivered)
Armour
 b - a +4 troll leather armour (worn) {Snorg}
Jewellery
 s - the ring "Jiafid" {rPois rN++ Str+6 Int-2}
   (You bought it in a shop in the Dungeon)

   [ring of strength]

   Str:       It affects your strength (+6).
   Int:       It affects your intelligence (-2).
   rPois:     It protects you from poison.
   rN:        It greatly protects you from negative energy.
Wands
 i - a wand of polymorph (11)
Scrolls
 h - 2 scrolls of blinking
 k - a scroll of immolation
 l - 11 scrolls of identify
 n - a scroll of torment
 r - a scroll of enchant weapon
Potions
 c - 2 potions of curing
 d - 3 potions of heal wounds
 e - a potion of haste
 f - 2 potions of magic
 g - a potion of berserk rage
 j - a potion of resistance
 m - 3 potions of flight
 o - a potion of might
Miscellaneous
 p - a piece from Xom's chessboard (15/15)


   Skills:
 + Level 19.1 Fighting
 + Level 22.1 Maces & Flails
 + Level 0.1 Throwing
 + Level 8.2 Armour
 + Level 10.9 Dodging
 + Level 4.3 Stealth
 + Level 1.1 Evocations


You had 11 spell levels left.
You didn't know any spells.
Your spell library was empty.

Dungeon Overview and Level Annotations

Branches:
Dungeon (1/1)

Altars:
Cheibriados
Dithmenos
Elyvilon
Fedhas
Gozag
Hepliaklqana
Kikubaaqudgha
Makhleb
Nemelex Xobeh
Okawaru
Qazlal
Ru
Sif Muna
Trog
Uskayaw
Vehumet
Wu Jian
Xom
Yredelemnul
Zin
The Shining One
Beogh
Jiyva
Lugonu

Shops:
D ?=:**[!?([!*

Annotations:
D Chuck


Innate Abilities, Weirdness & Mutations

You are immune to sickness and miasma.
Your stone body is resilient. (AC +8)
You are immune to poison.
You resist negative energy. (rN+)
You are resistant to electric shocks. (rElec)
You are resistant to unholy torment.
You are immune to petrification.
Your mind is acute. (Int +2)
You are frail. (-10% HP)
You occasionally shout uncontrollably at your foes.
Your spells are a little harder to cast, but a little more powerful.
You sometimes lose the ability to read scrolls when taking damage.


Message History

The alligator tail-slaps you.
You bludgeon the alligator!!
The alligator is severely wounded.
The alligator changes into a broodmother!
You completely miss the broodmother. You thump the broodmother!
The broodmother is lightly wounded.
The broodmother bites you!
You sock the broodmother!
The broodmother is lightly wounded.
The broodmother closely misses you.
You sock the broodmother!
The broodmother is moderately wounded.
The broodmother summons a spider!
You flatten the broodmother like a pancake!!!
The broodmother is severely wounded.
The broodmother misses you.
You crush the broodmother like a grape!!!
You kill the broodmother!
Trog accepts your kill.
The redback disappears in a puff of smoke!
Your Fighting skill increases to level 19!
Your Evocations skill increases to level 1!
No target in view!
No target in view!
You see here a +4 antimagic great mace.
You start resting.
HP restored.
You feel very buoyant.
You fly up into the air.
Found 11 stones and a scroll of identify.
Chuck throws a large rock of chaos.
The large rock of chaos hits you!!
You feel agile all of a sudden.
There is an open door here.
Chuck throws a large rock of chaos.
The large rock of chaos hits you!
You are unaffected.
Chuck throws a large rock of chaos.
The large rock of chaos hits you!!!
You feel threatened and lose the ability to read scrolls!
Ouch! That really hurt!
You die...

##########
§§$$$$§≈C#
§≈≈≈≈≈§§≈#
§§....§§@#
.§....§§.#
......§..#
###############§##
)..#}..#..#......#
...#...#..#..PPP.#
#'###'##[.#..P.P)#
.......'..#..PP..#
.#####.####......#


You could see Chuck.

Vanquished Creatures
  A broodmother (shapeshifter) (D)
  Snorg (D)
  A fire dragon (D)
  A yaktaur captain (D)
  2 centaur warriors (D)
  4 dancing weapons (D)
  3 orc high priests (D)
  A deep elf knight (D)
  A skeletal warrior (D)
  An obsidian statue (D)
  A deep elf zephyrmancer (D)
  2 deep elf pyromancers (D)
  2 ugly things (D)
  An unseen horror (D)
  3 wandering mushrooms (D)
  4 spriggan defenders (D)
  A queen bee (D)
  A slime creature (D)
  A tarantella (shapeshifter) (D)
  A shadow (D)
  A spatial vortex (D)
  A floating eye (D)
  A necrophage (D)
  2 centaurs (D)
  An earth elemental (D)
  A water elemental (D)
  32 killer bees (D)
  2 orc priests (D)
  A jelly (D)
  A wizard (D)
  Jessica (D)
  A necromancer (D)
  3 humans (D)
  A kobold demonologist (D)
  A phantom (D)
  8 orcs (D)
  2 endoplasms (D)
  A rat (D)
94 creatures vanquished.

Vanquished Creatures (collateral kills)
  Frances (D)
  Donald (D)
  An orc knight (D)
  An orc warrior (D)
  2 orc priests (D)
  5 orcs (D)
  A plant (D)
12 creatures vanquished.

Vanquished Creatures (others)
  A hydra (D)
  A bush (D)
  10 plants (D)
12 creatures vanquished.

Grand Total: 118 creatures vanquished

Notes
Turn   | Place    | Note
-------+----------+-------------------------------------------
     0 | D        | mhtbhm the Gargoyle Berserker began the quest for the Orb.
     0 | D        | Reached XP level 1. HP: 14/14 MP: 1/1
    12 | D        | Noticed Jessica
    15 | D        | Reached ** piety under Trog
    17 | D        | Killed Jessica
    18 | D        | Reached skill level 5 in Fighting
    18 | D        | Reached skill level 4 in Maces & Flails
    18 | D        | Reached XP level 2. HP: 19/21 MP: 2/2
    18 | D        | Reached XP level 3. HP: 24/26 MP: 3/3
    64 | D        | Reached skill level 5 in Maces & Flails
   305 | D        | Gained mutation: You passively map a small area around you.
                  | [potion of mutation]
   305 | D        | Gained mutation: You are agile. (Dex +2) [potion of
                  | mutation]
   305 | D        | Gained mutation: You occasionally shout uncontrollably at
                  | your foes. [potion of mutation]
   305 | D        | Gained mutation: You expend magic power (3 MP) to
                  | strengthen your wands. [potion of mutation]
   318 | D        | Lost mutation: You passively map a small area around you.
                  | [potion of mutation]
   318 | D        | Lost mutation: You occasionally shout uncontrollably at
                  | your foes. [potion of mutation]
   318 | D        | Lost mutation: You are agile. (Dex +2) [potion of mutation]
   318 | D        | Gained mutation: Your magical capacity is low. (-10% MP)
                  | [potion of mutation]
   318 | D        | Gained mutation: You sometimes lose the ability to read
                  | scrolls when taking damage. [potion of mutation]
   318 | D        | Gained mutation: Your mind is acute. (Int +2) [potion of
                  | mutation]
   318 | D        | Gained mutation: You have supernaturally acute eyesight.
                  | (SInv) [potion of mutation]
   323 | D        | Lost mutation: Your mind is acute. (Int +2) [potion of
                  | mutation]
   323 | D        | Lost mutation: You expend magic power (3 MP) to strengthen
                  | your wands. [potion of mutation]
   323 | D        | Lost mutation: Your magical capacity is low. (-10% MP)
                  | [potion of mutation]
   323 | D        | Gained mutation: Your mind is acute. (Int +2) [potion of
                  | mutation]
   323 | D        | Gained mutation: Your mind is very acute. (Int +4) [potion
                  | of mutation]
   323 | D        | Gained mutation: Your body sometimes deteriorates upon
                  | taking damage. [potion of mutation]
   323 | D        | Gained mutation: You have very sharp teeth. [potion of
                  | mutation]
   324 | D        | Lost mutation: You have very sharp teeth. [potion of
                  | mutation]
   324 | D        | Lost mutation: You have supernaturally acute eyesight.
                  | (SInv) [potion of mutation]
   324 | D        | Gained mutation: You occasionally shout uncontrollably at
                  | your foes. [potion of mutation]
   324 | D        | Gained mutation: You have a beak for a mouth. [potion of
                  | mutation]
   325 | D        | Lost mutation: Your body sometimes deteriorates upon taking
                  | damage. [potion of mutation]
   325 | D        | Lost mutation: You have a beak for a mouth. [potion of
                  | mutation]
   325 | D        | Lost mutation: Your mind is very acute. (Int +4) [potion of
                  | mutation]
   325 | D        | Gained mutation: You are frail. (-10% HP) [potion of
                  | mutation]
   325 | D        | Gained mutation: Your spells are a little harder to cast,
                  | but a little more powerful. [potion of mutation]
   339 | D        | Noticed a water elemental
   346 | D        | Killed a water elemental
   346 | D        | Reached *** piety under Trog
   347 | D        | Reached skill level 6 in Maces & Flails
   347 | D        | Reached XP level 4. HP: 19/28 MP: 4/4
   509 | D        | Found a basalt altar of Yredelemnul.
   509 | D        | Found a shadowy altar of Dithmenos.
   509 | D        | Found a sacrificial altar of Ru.
   509 | D        | Noticed a necrophage
   518 | D        | Killed a necrophage
   519 | D        | Reached skill level 8 in Maces & Flails
   519 | D        | Reached XP level 5. HP: 2/35 MP: 5/5
   520 | D        | HP: 2/52 [necromancer/+0 dagger (1)]
   804 | D        | Found a radiant altar of Vehumet.
   804 | D        | Found a shimmering blue altar of Sif Muna.
   804 | D        | Found an ancient bone altar of Kikubaaqudgha.
   807 | D        | Reached **** piety under Trog
   808 | D        | Reached XP level 6. HP: 24/40 MP: 6/6
  1012 | D        | Found a hide-covered altar of Uskayaw.
  1012 | D        | Found an iron altar of Okawaru.
  1012 | D        | Found a bloodstained altar of Trog.
  1012 | D        | Found an ornate altar of the Wu Jian Council.
  1012 | D        | Noticed a human
  1013 | D        | Noticed a human
  1019 | D        | Killed a human
  1020 | D        | Reached skill level 9 in Maces & Flails
  1034 | D        | Killed a human
  1035 | D        | Reached skill level 10 in Fighting
  1035 | D        | Reached skill level 10 in Maces & Flails
  1035 | D        | Reached skill level 5 in Armour
  1035 | D        | Reached skill level 5 in Dodging
  1035 | D        | Reached XP level 7. HP: 13/46 MP: 7/7
  1245 | D        | Found a glowing silver altar of Zin.
  1245 | D        | Found a glowing golden altar of the Shining One.
  1245 | D        | Found a white marble altar of Elyvilon.
  1246 | D        | Noticed a deep elf pyromancer
  1252 | D        | Killed a deep elf pyromancer
  1252 | D        | Reached ***** piety under Trog
  1253 | D        | Reached skill level 12 in Maces & Flails
  1253 | D        | Reached XP level 8. HP: 54/54 MP: 8/8
  1309 | D        | Received a gift from Trog
  1350 | D        | Noticed a shadow
  1352 | D        | Killed a shadow
  1384 | D        | Found a blossoming altar of Fedhas.
  1384 | D        | Found a stormy altar of Qazlal.
  1384 | D        | Found a snail-covered altar of Cheibriados.
  1384 | D        | Found a burning altar of Makhleb.
  1384 | D        | Found a shimmering altar of Xom.
  1385 | D        | Found a hazy altar of Hepliaklqana.
  1385 | D        | Found an opulent altar of Gozag.
  1385 | D        | Found a sparkling altar of Nemelex Xobeh.
  1385 | D        | Found a corrupted altar of Lugonu.
  1385 | D        | Found a viscous altar of Jiyva.
  1482 | D        | Noticed Snorg
  1493 | D        | Killed Snorg
  1494 | D        | Reached skill level 14 in Maces & Flails
  1494 | D        | Reached XP level 9. HP: 59/59 MP: 9/9
  1627 | D        | Noticed a centaur warrior
  1635 | D        | Killed a centaur warrior
  1636 | D        | Reached skill level 15 in Maces & Flails
  1636 | D        | Reached skill level 1 in Stealth
  1825 | D        | Killed an unseen horror
  1932 | D        | Noticed a wandering mushroom
  1936 | D        | Noticed a wandering mushroom
  1938 | D        | Noticed a wandering mushroom
  1940 | D        | Killed a wandering mushroom
  1940 | D        | Received a gift from Trog
  1948 | D        | Killed a wandering mushroom
  1949 | D        | Reached XP level 10. HP: 59/65 MP: 10/10
  1953 | D        | Reached skill level 16 in Maces & Flails
  2029 | D        | Reached ****** piety under Trog
  2058 | D        | Received a gift from Trog
  2059 | D        | Reached skill level 17 in Maces & Flails
  2088 | D        | Received a gift from Trog
  2139 | D        | Noticed an orc knight
  2139 | D        | Noticed an orc high priest
  2139 | D        | Noticed an orc high priest
  2142 | D        | Killed an orc knight
  2146 | D        | Killed an orc high priest
  2147 | D        | Reached skill level 15 in Fighting
  2147 | D        | Reached skill level 18 in Maces & Flails
  2147 | D        | Identified the +10 rapier "Ciagol" {vorpal, rPois rF+ rN+++
                  | Str-2} (Trog gifted it to you in the Dungeon)
  2147 | D        | Received a gift from Trog
  2148 | D        | Found Bogogus's Magic Scroll Shop.
  2159 | D        | Killed an orc high priest
  2160 | D        | Reached XP level 11. HP: 72/72 MP: 11/11
  2160 | D        | Received a gift from Trog
  2259 | D        | Bought a scroll of enchant weapon for 105 gold pieces
  2259 | D        | Bought a scroll of blinking for 105 gold pieces
  2259 | D        | Bought a scroll of identify for 28 gold pieces
  2259 | D        | Bought a scroll of identify for 28 gold pieces
  2269 | D        | Noticed a deep elf pyromancer
  2269 | D        | Noticed a deep elf zephyrmancer
  2269 | D        | Noticed a deep elf zephyrmancer
  2269 | D        | Noticed a deep elf pyromancer
  2269 | D        | Noticed a deep elf knight
  2277 | D        | Noticed a deep elf demonologist
  2278 | D        | Noticed a deep elf annihilator
  2281 | D        | Killed a deep elf knight
  2281 | D        | Received a gift from Trog
  2287 | D        | Killed a deep elf pyromancer
  2288 | D        | Reached skill level 19 in Maces & Flails
  2288 | D        | Killed a deep elf zephyrmancer
  2291 | D        | Noticed a sixfirhy
  2377 | D        | Noticed Donald
  2377 | D        | Noticed Frances
  2385 | D        | Killed Donald
  2389 | D        | Killed Frances
  2389 | D        | Received a gift from Trog
  2390 | D        | Reached skill level 20 in Maces & Flails
  2504 | D        | Noticed a yaktaur captain
  2514 | D        | Noticed a skeletal warrior
  2521 | D        | Killed a skeletal warrior
  2588 | D        | Noticed an obsidian statue
  2606 | D        | Killed an obsidian statue
  2606 | D        | Received a gift from Trog
  2651 | D        | Found Zuclaxur's Distillery.
  2651 | D        | Found Xebbocon's Antique Weapon Shop.
  2651 | D        | Found Goteroq's Assorted Antiques.
  2651 | D        | Found Wasoe's Armour Boutique.
  2651 | D        | Found Vonwenidd's Magic Scroll Emporium.
  2651 | D        | Found Fajo's Distillery.
  2651 | D        | Found Hitt's Antique Armour Emporium.
  2652 | D        | Found Luughy's Assorted Antiques.
  2652 | D        | Found Poank's Assorted Antiques.
  2652 | D        | Found Koery's Book Shop.
  2652 | D        | Found Ocvot's Jewellery Emporium.
  2697 | D        | Bought the ring "Jiafid" {rPois rN++ Str+6 Int-2} for 988
                  | gold pieces
  2701 | D        | Bought 2 potions of heal wounds for 120 gold pieces
  2708 | D        | Bought a scroll of enchant armour for 97 gold pieces
  2803 | D        | Noticed a fire dragon
  2813 | D        | Killed a fire dragon
  2814 | D        | Reached skill level 21 in Maces & Flails
  2814 | D        | Reached skill level 10 in Dodging
  2814 | D        | Reached XP level 12. HP: 31/81 MP: 12/12
  2871 | D        | Noticed a centaur warrior
  2879 | D        | Killed a centaur warrior
  2879 | D        | Received a gift from Trog
  3010 | D        | Killed a six-headed hydra
  3115 | D        | Identified the +4 triple crossbow "Jinkawus" {freeze, rF+
                  | rC+}
  3192 | D        | Noticed a yaktaur captain
  3223 | D        | Killed a yaktaur captain
  3282 | D        | Noticed Chuck
  3282 | D        | Noticed a two-headed ogre
  3283 | D        | a two-headed ogre changed into a mana viper
  3285 | D        | Noticed an alligator
  3285 | D        | a mana viper changed into an alligator
  3289 | D        | Received a gift from Trog
  3290 | D        | Reached skill level 22 in Maces & Flails
  3293 | D        | Noticed a broodmother
  3293 | D        | an alligator changed into a broodmother
  3299 | D        | Killed a broodmother
  3300 | D        | Reached skill level 1 in Evocations
  3319 | D        | Hit by a large rock of chaos thrown by Chuck

Illustrated notes

Levels and vault maps discovered:
D:        dungeon_sprint_mu [sprint_mu_entry_forest, sprint_mu_temple_rooms,
          sprint_mu_d1_horrors, sprint_mu_d2_genie, sprint_mu_d3_branching,
          sprint_mu_orc_legion, sprint_mu_elf_gauntlet, sprint_mu_hive_nellie,
          sprint_mu_lair_fedhas, sprint_mu_vaults_butterflies,
          sprint_mu_slime_circle, sprint_mu_swamp_cave, sprint_mu_snake_twists,
          sprint_mu_blade_basic, sprint_mu_crypt_fortress,
          sprint_mu_tomb_spiral, sprint_mu_vestibule_basic,
          sprint_mu_gehenna_hellfire, sprint_mu_dis_giant,
          sprint_mu_tartarus_statrot, sprint_mu_cocytus_islands, sprint_mu_zot1]

Skill      XL: |  1  2  3  4  5  6  7  8  9 10 11 12 |
---------------+-------------------------------------+-----
Fighting       | 5 6 8 10 11 12 13 15 17 19 | 19.1
Maces & Flails | 4 6 8 10 12 14 15 18 21 22 | 22.1
Armour         | 3 4 5 6 7 8 |  8.2
Dodging        | 2 3 5 7 8 9 10 | 10.9
Stealth        | 2 3 4 |  4.3
Evocations     | 1 |  1.1
Throwing       | |  0.1

Action                   |  1- 3 |  4- 6 |  7- 9 | 10-12 || total
-------------------------+-------+-------+-------+-------++-------
Melee: Mace              |    22 |    37 |     9 |       ||    68
       Great mace        |       |       |    39 |   251 ||   290
Throw: Boomerang         |       |       |       |     1 ||     1
Invok: Berserk           |     3 |     3 |     2 |     8 ||    16
       Brothers in Arms  |       |       |       |     3 ||     3
Evoke: Piece from Xom's  |       |       |     1 |     2 ||     3
  Use: Potion            |     5 |       |       |     1 ||     6
       Scroll            |       |       |       |     6 ||     6
 Stab: Sleeping          |       |       |       |     1 ||     1
Armor: Robe              |     1 |     2 |       |       ||     3
       Scale mail        |       |       |     9 |       ||     9
       Troll leather arm |       |       |    24 |    89 ||   113
Dodge: Dodged            |     8 |    16 |    36 |   144 ||   204

Table legend: (Time is in decaauts)
 A = Elapsed time spent in this place.
 B = Non-inter-level travel time spent in this place.
 C = Inter-level travel time spent in this place.
 D = Time resting spent in this place.
 E = Time spent auto-exploring this place.
 F = Levels seen in this place.
 G = Mean time per level.
                   A        B        C        D        E       F      G
               +--------+--------+--------+--------+--------+-----+--------+
         Total |   3406 |   3406 |      0 |   2076 |     21 |   1 | 3406.0 |
       Dungeon |   3406 |   3406 |      0 |   2076 |     21 |   1 | 3406.0 |
               +--------+--------+--------+--------+--------+-----+--------+

Top non-repeatable levels by time:
       D: 3406 daAuts
